[Event "Early-Titled-Tuesday-Blitz-May-07-2024"]
[Site "Chess.com"]
[Date "2024.05.07"]
[Round "4"]
[White "alvarorodriguezavila"]
[Black "ilushka"]
[Result "1/2-1/2"]
[WhiteElo "2349"]
[BlackElo "2520"]
[TimeControl "180+1"]
[EndTime "8:43:01 PDT"]
[Termination "Game drawn by repetition"]

1. e4 c5 2. d4 cxd4 3. c3 d3 4. Nf3 Nc6 5. Bxd3 g6 6. O-O Bg7 7. c4 d6 8. h3 Nf6 9. Nc3 O-O 10.
Qe2 a5 11. Rd1 a4 12. a3 Qa5 13. Bg5 Be6 14. Nd5 Bxd5 15. exd5 Ne5 16. Nxe5 dxe5 17. Qxe5 h6 18. Bd2 Qc5 19. Qe2 Rfe8 20. Bb4 Qc7 21. Bc3 Rad8 22. Bc2 e6 23. Bxa4 Re7 24. d6 Rxd6 25.
Rxd6 Qxd6 26. Bb4 Qc7 27. Bxe7 Qxe7 28. Rd1 Nh5 29. g3 Qc5 30. Kg2 Qg5 31. Qg4 Qa5 32.
Bc2 Bxb2 33. Bxg6 fxg6 34. Qxe6+ Kh7 35. Rd7+ Ng7 36. Qf7 b6 37. Rd6 Qh5 38. Rxb6 Bxa3 39. Rb5 Qe2 40. Rb7 Bb2 41. c5 Bd4 42. c6 Qc2 43. c7 h5 44. Qf8 Qc6+ 45. Qf3 Qc2 46.
Qf8 Qc6+ 47. Qf3 Qc2 48. Qf8 1/2-1/2

[Event "Early-Titled-Tuesday-Blitz-May-07-2024"]
[Site "Chess.com"]
[Date "2024.05.07"]
[Round "4"]
[White "Artemiki"]
[Black "penguingm1"]
[Result "0-1"]
[WhiteElo "2499"]
[BlackElo "2922"]
[TimeControl "180+1"]
[EndTime "8:43:02 PDT"]
[Termination "penguingm1 won by checkmate"]

1. e4 e5 2. Nf3 Nc6 3. Nc3 Nf6 4. d4 exd4 5. Nd5 Be7 6. Bf4 d6 7. Nxd4 O-O 8. Nxc6 bxc6 9. Nxe7+ Qxe7 10. f3 Nxe4 11.
Qe2 Re8 12. O-O-O Nc5 13. Qxe7 Rxe7 14. h4 a5 15. b3 Be6 16. a4 Rb8 17. Bd2 Bd5 18.
Re1 Rd7 19. h5 h6 20. Rh4 Ra8 21. Bc3 Ne6 22. Bxg7 Nxg7 23. c4 Be6 24. Bd3 Rb8 25. Bc2 d5 26. c5 d4 27. Rd1 Bxb3 28. Rdxd4 Rxd4 29. Rxd4 Bxc2 30. Kxc2 Ne6 31. Rd7 Kf8 32. g4 Ke8 33. Rd1 Nxc5 34. f4 Ne6 35. Rf1 Rb4 36.
g5 Rxf4 37. gxh6 Rh4 38. Rg1 Rxh5 39. Rg8+ Ke7 40. Rh8 Nf8 41. Kc3 Rh4 42. Kb3 c5 43.
Kc3 c4 44. Kc2 Rh3 45. Kd2 c3+ 46. Kc2 Ne6 47. h7 Nd4+ 48. Kb1 c2+ 49. Ka2 Ra3+ 50. Kb2 Rb3+ 51. Ka2 c1=N+ 52. Ka1 Nc2# 0-1

[Event "Early-Titled-Tuesday-Blitz-May-07-2024"]
[Site "Chess.com"]
[Date "2024.05.07"]
[Round "4"]
[White "MathiasWomacka"]
[Black "Escudito"]
[Result "1-0"]
[WhiteElo "2524"]
[BlackElo "2334"]
[TimeControl "180+1"]
[EndTime "8:43:02 PDT"]
[Termination "MathiasWomacka won on time"]

1. e4 e6 2. d4 d5 3. Nd2 c5 4. exd5 Qxd5 5. Ngf3 cxd4 6. Bc4 Qd6 7. O-O Nf6 8. Nb3 Qc7 9. Qe2 Bd6 10. Nbxd4 a6 11. Nf5 O-O 12. Nxd6 Qxd6 13. Bg5 Nbd7 14. Rad1 Qc5 15.
Bd3 h6 16. Bf4 Qh5 17. Ne5 Qxe2 18. Bxe2 Nd5 19. Bg3 Nxe5 20. Bxe5 b5 21. c4 bxc4 22. Bxc4 Bb7 23. Rd3 Rac8 24. Bb3 f6 25. Bg3 Rc5 26. Bd6 Rcc8 27. Bxf8 Kxf8 28. Re1 Kf7 29. f3 Rc5 30. Kf2 a5 31. Rdd1 Nf4 32. g3 Nh3+ 33. Ke3 Re5+ 34. Kd4 Bxf3 35. Rxe5 fxe5+ 36. Kxe5 Bxd1 37. Bxe6+ Ke7 38. Bxh3 Bf3 39. Bf1 Bc6 40. Bc4 Be8 41. b3 Bg6 42. a3 Bc2 43. h4 Bd1 44. b4 axb4 45. axb4 Bc2 46. b5 Kd7 47. Kd5 Kc7 48. Kc5 Be4 49.
b6+ 1-0

[Event "Early-Titled-Tuesday-Blitz-May-07-2024"]
[Site "Chess.com"]
[Date "2024.05.07"]
[Round "4"]
[White "PawnEatingZombie"]
[Black "patzer-reloaded"]
[Result "1-0"]
[WhiteElo "2230"]
[BlackElo "2455"]
[TimeControl "180+1"]
[EndTime "8:43:02 PDT"]
[Termination "PawnEatingZombie won on time"]

1. e4 d6 2. d4 Nf6 3. Bd3 g6 4. Nf3 Bg7 5. O-O O-O 6. c3 Nc6 7. Re1 e5 8. dxe5 dxe5 9. Qc2 Nh5 10. Nbd2 Nf4 11. Bf1 Bg4 12. h3 Be6 13. Kh2 Qc8 14. Ng1 g5 15. g3 Ng6 16. a4 f5 17. exf5 Bxf5 18. Ne4 g4 19. h4 Bxe4 20. Rxe4 Qf5 21. Be3 Bf6 22. Bg2 Bxh4 23. Qb3+ Kh8 24. Qxb7 Rae8 25.
Qxc6 Re6 26. Qc5 Rg8 27. Rd1 Be7 28. Qc4 Qh5+ 29. Nh3 gxh3 30. Bxh3 Rf6 31. Rd7 Bd6 32. Rf7 Rxf7 33. Qxf7 Nf4 34. Qxh5 Nxh5 35. Rg4 Nf6 36. Rxg8+ Kxg8 37. Be6+ Kf8 38. a5 Ke7 39. Bc4 c5 40. a6 Ne8 41. Kg2 Nc7 42. b4 cxb4 43. cxb4 Nxa6 44.
Bxa6 Bxb4 45. Bxa7 Bd6 46. Be3 Kf6 47. Bd3 Kg7 48. Kf3 h6 49. Ke4 Bc7 50. Bd2 Kh7 51. Bc3 Kg7 52. Bxe5+ Kg6 53. Bxc7 Kg5 54. Bf4+ 1-0

[Event "Early-Titled-Tuesday-Blitz-May-07-2024"]
[Site "Chess.com"]
[Date "2024.05.07"]
[Round "4"]
[White "igorkovalenko"]
[Black "Ivan11Martic"]
[Result "0-1"]
[WhiteElo "2927"]
[BlackElo "2627"]
[TimeControl "180+1"]
[EndTime "8:43:03 PDT"]
[Termination "Ivan11Martic won on time"]

1. e4 c5 2. Nf3 e6 3. c3 Nf6 4. e5 Nd5 5. d4 cxd4 6. cxd4 d6 7.
Bc4 Nc6 8. O-O Be7 9. Qe2 O-O 10. Rd1 Na5 11. Bb5 a6 12. Bd3 Nb4 13. Nc3 Nxd3 14. Rxd3 Bd7 15. exd6 Bxd6 16. Ng5 Qc7 17. Rh3 h6 18.
Qd3 f5 19. Nf3 Qc4 20. Qd1 Bc6 21. Qe1 Bxf3 22. Rxf3 Rae8 23. b3 Qc7 24. Bd2 Nc6 25. Ne2 e5 26. dxe5 Nxe5 27. Rc3 Qf7 28. Qd1 Bb8 29.
Bf4 Rd8 30. Qc2 Qd5 31. h3 Nc6 32. Bxb8 Rxb8 33. Rd1 Qe5 34. Re3 Qf6 35. Nf4 Kh7 36.
Re6 Qf7 37. Rdd6 Rbd8 38. h4 Nd4 39. Qc3 Nxe6 40. Rxe6 Rfe8 41. Rb6 Re4 42. g3 Qd7 43. Kg2 Rd4 44. Qf3 Rb8 45. Ne6 Rd3 46. Qxf5+ Kh8 47. h5 Re8 0-1

[Event "Early-Titled-Tuesday-Blitz-May-07-2024"]
[Site "Chess.com"]
[Date "2024.05.07"]
[Round "4"]
[White "ahmedkandiliii"]
[Black "Shivananda1964"]
[Result "1/2-1/2"]
[WhiteElo "2641"]
[BlackElo "2400"]
[TimeControl "180+1"]
[EndTime "8:43:03 PDT"]
[Termination "Game drawn by repetition"]

1. e4 Nc6 2. Nf3 e5 3. Bb5 a6 4.
Ba4 Nf6 5. O-O Be7 6. Re1 d6 7.
c3 Bg4 8. h3 Bh5 9. d3 Nd7 10.
Nbd2 Nc5 11. Bc2 Ne6 12. Nf1 Bg5 13. Ng3 Bxf3 14. Qxf3 Bxc1 15. Raxc1 O-O 16. Nf5 g6 17. Ne3 Kg7 18. Qg3 Nf4 19. Rcd1 Qf6 20. d4 Kh8 21. Ng4 Qg7 22. Ba4 b5 23. Bb3 f5 24. exf5 Rxf5 25. Ne3 Rff8 26. Nd5 Nh5 27. Qe3 Rae8 28. a4 Na5 29.
Ba2 Nc4 30. Bxc4 bxc4 31. Qe2 c6 32. Nb4 Nf4 33. Qxc4 Qf6 34. dxe5 dxe5 35. Qxc6 Qg5 36. Kh1 e4 37. Rg1 Qh5 38. Qc7 Nxh3 39. gxh3 Qxh3+ 40. Qh2 Qf3+ 41. Qg2 Qh5+ 42. Qh2 Qf3+ 43. Qg2 Qh5+ 44. Qh2 Qf3+ 1/2-1/2

[Event "Early-Titled-Tuesday-Blitz-May-07-2024"]
[Site "Chess.com"]
[Date "2024.05.07"]
[Round "4"]
[White "Hikaru"]
[Black "Genghis_K"]
[Result "1-0"]
[WhiteElo "3237"]
[BlackElo "2912"]
[TimeControl "180+1"]
[EndTime "8:43:07 PDT"]
[Termination "Hikaru won on time"]

1. b3 e5 2. Bb2 Nc6 3. e3 Nf6 4. Bb5 e4 5. d4 exd3 6. cxd3 a6 7. Bxc6 dxc6 8. Nf3 Bd6 9. O-O O-O 10. h3 Qe7 11.
Nbd2 Rd8 12. Nc4 Bf5 13. e4 Bxe4 14. dxe4 Bh2+ 15. Kxh2 Rxd1 16. Raxd1 Nxe4 17. Rfe1 f5 18. Nfd2 b5 19. Nxe4 fxe4 20. Ne5 Rf8 21. Rd7 Qe6 22. Kg1 Qf5 23. Rd2 c5 24. Ng4 h5 25. Ne3 Qe6 26. Rc1 c4 27. bxc4 b4 28. Rcd1 a5 29. Rd5 a4 30. Rxh5 a3 31. Ba1 Qf7 32. Rf5 Qg6 33.
Rb5 Qf7 34. Rd2 c5 35. Rxc5 Qe7 36. Rcd5 Rf7 37. c5 Qb7 38. Kh2 b3 39. axb3 Qxb3 40. c6 Qb6 41. Rc2 Rc7 42. Rdc5 Qb1 43. Be5 Rc8 44.
c7 a2 45. Rd2 Kh7 46. Rd8 a1=Q 47. Bxa1 Rxc7 48. Rxc7 Qxa1 49. Rd5 Qf6 50. Rc2 Qf4+ 51. g3 Qf3 52. Rf5 1-0

[Event "Early-Titled-Tuesday-Blitz-May-07-2024"]
[Site "Chess.com"]
[Date "2024.05.07"]
[Round "4"]
[White "Iskusnyh"]
[Black "AccioChess"]
[Result "0-1"]
[WhiteElo "2610"]
[BlackElo "2451"]
[TimeControl "180+1"]
[EndTime "8:43:09 PDT"]
[Termination "AccioChess won by resignation"]

1. d4 Nf6 2. c4 g6 3. g3 Bg7 4. Bg2 O-O 5. Nc3 c5 6. dxc5 Na6 7. Nf3 Nxc5 8. O-O d6 9. Bf4 Bd7 10. Rc1 Rc8 11. b3 Bc6 12. Bh3 Bd7 13. Bg2 a5 14. Ne1 Bc6 15. Bh3 Ra8 16. Nd3 Nce4 17. Nxe4 Nxe4 18.
f3 Nc5 19. e4 Nxd3 20. Qxd3 a4 21. b4 Qb6+ 22. Be3 Qxb4 23. c5 a3 24. cxd6 Qxd6 25. Qxd6 exd6 26. Rfd1 Bb2 27. Rb1 Bb5 28. Bf1 Bxf1 29. Kxf1 Rfc8 30. Rxd6 Rc2 31. Rd2 Rac8 32. Rbd1 Kg7 33. Ke2 h5 34. Rxc2 Rxc2+ 35. Rd2 Rc1 36. Kd3 Ra1 37. Bd4+ Bxd4 38. Kxd4 Rb1 39. h4 b5 40. f4 b4 41. Kc4 Rb2 42. Kd3 b3 43. Rd1 Rxa2 44. Rb1 b2 45. Kc2 Ra1 46. e5 Rxb1 47.
Kxb1 Kf8 48. Ka2 Ke7 49. Kb1 Ke6 50. Ka2 Kf5 0-1

[Event "Early-Titled-Tuesday-Blitz-May-07-2024"]
[Site "Chess.com"]
[Date "2024.05.07"]
[Round "4"]
[White "MarijaKuznecova"]
[Black "Kazmin_Semyon"]
[Result "0-1"]
[WhiteElo "2418"]
[BlackElo "2591"]
[TimeControl "180+1"]
[EndTime "8:43:10 PDT"]
[Termination "Kazmin_Semyon won by checkmate"]

1. e4 e5 2. Nf3 Nc6 3. d4 exd4 4. Nxd4 Bc5 5. Nb3 Bb6 6. Nc3 Nf6 7. Qe2 O-O 8. Bg5 h6 9. Bh4 Re8 10. O-O-O a5 11. a4 d6 12. f3 Be6 13. g4 Bxb3 14. cxb3 Bd4 15. Qc4 Be5 16. Nd5 g5 17. Bf2 Nxd5 18.
exd5 Nb4 19. h4 Qf6 20. hxg5 hxg5 21. Bd3 Bxb2+ 22. Kb1 c5 23. dxc6 bxc6 24. Bg3 Be5 25. Bh7+ Kf8 26. Be1 Rab8 27. Bf5 Nd5 28. Bd2 Bc3 29.
Bc1 Ne3 30. Bxe3 Rxe3 31. Rh7 Rb4 32. Qxc6 Rxb3+ 33. Kc2 Rb2+ 34. Kc1 Rb8 35. Qxd6+ Qxd6 36. Rxd6 Bb2+ 37. Kd2 Re7 38. Be4 Be5 39. Rd5 Bf4+ 40. Kd3 Rb3+ 41. Kc2 Reb7 42. Rd8+ Ke7 43. Rdh8 Rb2+ 44.
Kd3 R7b3+ 45. Kc4 Rb4+ 46. Kc5 Be3+ 47. Kd5 Rd4+ 48. Kc6 Rc4+ 49. Kd5 Rc5# 0-1

[Event "Early-Titled-Tuesday-Blitz-May-07-2024"]
[Site "Chess.com"]
[Date "2024.05.07"]
[Round "4"]
[White "Ati1517"]
[Black "tantaan"]
[Result "1/2-1/2"]
[WhiteElo "2277"]
[BlackElo "2486"]
[TimeControl "180+1"]
[EndTime "8:43:10 PDT"]
[Termination "Game drawn - insufficient material"]

1. e4 c5 2. Nf3 e6 3. d4 cxd4 4. Nxd4 Nf6 5. Nc3 Nc6 6. Nxc6 bxc6 7. Bd3 d5 8. exd5 exd5 9. O-O Bd6 10. Re1+ Be6 11.
Bf5 Qd7 12. Bxe6 fxe6 13. Qe2 e5 14. Bf4 O-O 15. Bxe5 Rae8 16. f4 Ng4 17. h3 Nxe5 18. fxe5 Bxe5 19. Qd3 Qd6 20. Rf1 g6 21. Rad1 Qc7 22.
Rxf8+ Rxf8 23. Re1 Bh2+ 24. Kh1 Bg3 25. Re3 Bf4 26.
Rf3 Qe5 27. Ne2 Bh6 28. Rxf8+ Bxf8 29. g4 Bd6 30. Kg2 Qh2+ 31. Kf1 Qh1+ 32. Kf2 Bc5+ 33. Kg3 Qe1+ 34. Kf4 Qf2+ 35. Ke5 Be7 36. Nf4 g5 37. Nxd5 cxd5 38. Qxd5+ Kg7 39. Ke6 Qf6+ 40. Kd7 Qf7 41. Qc6 Bf6+ 42. Kc8 Qf8+ 43. Kb7 Qe7+ 44. Ka6 Bxb2 45.
c3 Qa3+ 46. Kb7 Qxc3 47. Qd7+ Kg6 48. Qf5+ Kg7 49. Qxg5+ Kf7 50. Qf5+ Qf6 51. Qxh7+ Ke6 52. Qf5+ Qxf5 53. gxf5+ Kxf5 54. Kxa7 Ba3 55. h4 Kg4 56.
h5 Kxh5 57. Ka6 Kg5 58. Ka5 Kf5 59. Ka4 Be7 60. a3 Bxa3 1/2-1/2

[Event "Early-Titled-Tuesday-Blitz-May-07-2024"]
[Site "Chess.com"]
[Date "2024.05.07"]
[Round "4"]
[White "BardArtem"]
[Black "andrzej"]
[Result "1-0"]
[WhiteElo "2792"]
[BlackElo "2443"]
[TimeControl "180+1"]
[EndTime "8:43:11 PDT"]
[Termination "BardArtem won on time"]

1. e4 e5 2. Nf3 Nf6 3. Nc3 Bb4 4. d4 Nxe4 5. Qd3 d5 6. Nxe5 O-O 7. Be2 Re8 8. O-O Bxc3 9. bxc3 f6 10. Nf3 c6 11. c4 Bf5 12. Qb3 Nd6 13. cxd5 Rxe2 14. dxc6+ Be6 15. cxb7 Nxb7 16. Qxb7 Bd5 17. Qb5 Rxc2 18.
Qd3 Qc8 19. Bd2 Bxf3 20. Qxf3 Nd7 21. Rac1 Rb8 22. Bf4 Rbb2 23. Rxc2 Rxc2 24. Re1 Nb6 25. Qb3+ Qc4 26. Qa3 Re2 27. Rc1 Rc2 28. Rxc2 Qxc2 29.
Qb3+ Qxb3 30. axb3 Kf7 31. Bd6 Nd7 32. d5 a6 33. Bc7 Ke7 34. b4 Nf8 35. f4 Kd7 36. Bb6 Ng6 37. f5 Ne7 38. g4 Nxd5 39. Bc5 g6 40.
fxg6 hxg6 41. h4 Kc6 42. h5 gxh5 43. gxh5 f5 44. h6 Nf6 45. Kg2 a5 46. bxa5 Kxc5 47.
Kf3 Kb5 48. Kf4 Kxa5 49. Kxf5 Nh5 50. h7 1-0

[Event "Early-Titled-Tuesday-Blitz-May-07-2024"]
[Site "Chess.com"]
[Date "2024.05.07"]
[Round "4"]
[White "emeli_chess"]
[Black "Kunalm64"]
[Result "0-1"]
[WhiteElo "2414"]
[BlackElo "2632"]
[TimeControl "180+1"]
[EndTime "8:43:11 PDT"]
[Termination "Kunalm64 won on time"]

1. d4 Nf6 2. c4 e6 3. Nc3 Bb4 4. Qc2 d5 5. cxd5 Qxd5 6. e3 O-O 7. Bd2 Bxc3 8. Bxc3 c5 9. dxc5 Qxc5 10. Rc1 Nc6 11.
Bxf6 Qxc2 12. Rxc2 gxf6 13. a3 e5 14. Bb5 Bf5 15.
Rc3 Ne7 16. Nf3 Rfc8 17. O-O Rxc3 18. bxc3 Rc8 19. Rc1 Nd5 20. c4 a6 21. Ba4 Nb6 22. Bb3 Nd7 23. Nd2 Nc5 24. Bc2 Be6 25. Rb1 f5 26.
Kf1 Kg7 27. Ke1 Kf6 28. g3 e4 29. f3 exf3 30. Nxf3 Bxc4 31. Nd4 Be6 32. Rb6 Ke5 33. Nf3+ Kd5 34. Ng5 h6 35. Nh3 Rc6 36. Nf4+ Kd6 37.
Rb4 b5 38. Rd4+ Ke7 39. Nd5+ Ke8 40. Nb4 Rb6 41. Nd5 Rc6 42. Nb4 Rc7 43. Rd6 a5 44.
Nd5 Rd7 45. Nf6+ Ke7 46. Nxd7 Kxd6 47. Nxc5 Kxc5 48. Kd2 b4 49. axb4+ Kxb4 50. Kc1 Kc3 51. Ba4 Kd3 52. Kb2 Kxe3 53. Kc3 Kf2 54. Bc6 Kg1 55.
h4 Kf2 0-1

[Event "Early-Titled-Tuesday-Blitz-May-07-2024"]
[Site "Chess.com"]
[Date "2024.05.07"]
[Round "4"]
[White "jaramsdal"]
[Black "Winner_7777"]
[Result "1-0"]
[WhiteElo "2420"]
[BlackElo "2579"]
[TimeControl "180+1"]
[EndTime "8:43:11 PDT"]
[Termination "jaramsdal won on time"]

1. e4 c5 2. a3 g6 3. Bc4 Bg7 4. Nc3 Nc6 5. d3 d6 6. Be3 e6 7. Nge2 Nge7 8. d4 cxd4 9. Nxd4 O-O 10. Qd2 Na5 11. Ba2 d5 12. exd5 exd5 13. O-O Nc4 14. Bxc4 dxc4 15. Rad1 a6 16. Qe2 Qc7 17. Bg5 Nf5 18.
Nxf5 Bxf5 19. Nd5 Qe5 20. Ne7+ Kh8 21. Qxe5 Bxe5 22. Nxf5 gxf5 23. c3 f6 24. Be3 f4 25.
Bd4 Rad8 26. Rfe1 Rfe8 27. Bb6 Rxd1 28. Rxd1 Re7 29. Kf1 Kg7 30. Rd5 Kf7 31. Rc5 Ke6 32.
Rxc4 Kd5 33. Rc5+ Ke4 34. Ke2 Rd7 35. f3+ Kf5 36. Rc4 h5 37. Bd4 b5 38. Rc6 Bxd4 39. cxd4 a5 40. Rc5+ Kg6 41. Rxb5 Rxd4 42. Rxa5 Rc4 43.
Rd5 Rc2+ 44. Rd2 Rc1 45. h3 Kg5 46. Kd3 Kh4 47. a4 Kg3 48. a5 Ra1 49. b4 h4 50.
Kc4 f5 51. Kb5 Kh2 52. a6 Kg1 53. Kb6 Ra4 54. b5 Ra1 55. a7 Ra4 56. Kb7 1-0

[Event "Early-Titled-Tuesday-Blitz-May-07-2024"]
[Site "Chess.com"]
[Date "2024.05.07"]
[Round "4"]
[White "IwkooO"]
[Black "SaiAgni_98"]
[Result "1-0"]
[WhiteElo "2699"]
[BlackElo "2491"]
[TimeControl "180+1"]
[EndTime "8:43:12 PDT"]
[Termination "IwkooO won by resignation"]

1. e4 d6 2. d4 Nf6 3. Nc3 Nbd7 4.
f3 e5 5. Be3 Be7 6. Nge2 c6 7.
Qd2 O-O 8. g4 b5 9. Ng3 exd4 10.
Bxd4 Ne5 11. Be2 b4 12. Nd1 c5 13.
Be3 Ba6 14. g5 Nfd7 15. f4 Nc4 16. Bxc4 Bxc4 17. Bf2 f6 18. Ne3 Bf7 19. h4 Nb6 20.
Ngf5 Re8 21. Rg1 fxg5 22. hxg5 Bf8 23. Qd3 g6 24. Nh6+ Bxh6 25. gxh6 Qe7 26. O-O-O Qxe4 27. Ng4 Qxd3 28. Nf6+ Kh8 29. Rxd3 Re2 30. Rf1 Nc4 31. b3 Na3 32. Rd2 Rxd2 33. Kxd2 Be6 34. Re1 Bf5 35. Re7 g5 36. fxg5 Bxc2 37. Bg3 Rd8 38. Rxa7 Bg6 39. Re7 Nb1+ 40. Kc1 Nc3 41. Kb2 Nd1+ 42. Ka1 Nc3 43. Be1 Ra8 44. a4 Nb5 45. Bf2 Nc3 46. Bg3 Rd8 47. Rd7 Rxd7 48. Nxd7 Ne4 49. Bf4 Kg8 50. a5 Nc3 51. a6 Nb5 52. Bxd6 Nxd6 53. a7 Be4 54.
Nf6+ Kf7 55. Nxe4 Nxe4 56. a8=Q Kg6 57. Qxe4+ 1-0

[Event "Early-Titled-Tuesday-Blitz-May-07-2024"]
[Site "Chess.com"]
[Date "2024.05.07"]
[Round "4"]
[White "FaustinoOro"]
[Black "viditchess"]
[Result "0-1"]
[WhiteElo "2887"]
[BlackElo "3122"]
[TimeControl "180+1"]
[EndTime "8:43:13 PDT"]
[Termination "viditchess won by resignation"]

1. e4 c5 2. Nf3 d6 3. c3 Nf6 4. h3 g6 5. Bd3 Bg7 6. O-O O-O 7.
Bc2 e5 8. d4 Nc6 9. dxc5 dxc5 10. Qe2 Nh5 11. Rd1 Qc7 12. Na3 a6 13. Nc4 b5 14. Ne3 Nf4 15. Qe1 Ne7 16. h4 c4 17.
g3 Nd3 18. Qe2 Bb7 19. Bxd3 cxd3 20. Qxd3 Rad8 21. Qc2 Rxd1+ 22. Nxd1 f5 23. Ng5 Qd7 24. Qb3+ Kh8 25. Ne6 Rc8 26. Nxg7 Kxg7 27. Bg5 Bxe4 28. Ne3 Bf3 29. c4 Nc6 30. Nd5 Nd4 31. Qe3 Be4 32. Bf6+ Kf7 33. Qh6 Ke6 34. Nb6 Nf3+ 35. Kg2 Qd3 36. Qg7 Re8 37. Nd5 Bxd5 38. cxd5+ Qxd5 39. Kh3 Qd4 40. Rc1 Qg4+ 41. Kg2 Nd4 42. Rc7 Qe4+ 43.
Kf1 f4 44. Re7+ Rxe7 45. Qxe7+ Kf5 46. Kg1 fxg3 47. fxg3 Kg4 48. Bxe5 Nf3+ 49. Kf2 Nxe5 50. Qg5+ Kh3 0-1

[Event "Early-Titled-Tuesday-Blitz-May-07-2024"]
[Site "Chess.com"]
[Date "2024.05.07"]
[Round "4"]
[White "PavelShkapenko"]
[Black "UF_10"]
[Result "1-0"]
[WhiteElo "2724"]
[BlackElo "2511"]
[TimeControl "180+1"]
[EndTime "8:43:13 PDT"]
[Termination "PavelShkapenko won by resignation"]

1. e4 e6 2. d4 d5 3. exd5 exd5 4. Nf3 Bd6 5. c4 Nf6 6. c5 Be7 7. Qa4+ c6 8. Bd3 O-O 9. O-O Ne4 10. Nc3 f5 11.
Bf4 Nd7 12. Rad1 Bf6 13. h4 Bxh4 14. Nxh4 Qxh4 15. g3 Qh5 16. f3 Nxc3 17. bxc3 Nf6 18. Rd2 Qg6 19. Rg2 Nh5 20. Be5 Qg5 21. f4 Qh6 22. Qc2 Nf6 23. Bxf6 Qxf6 24. Re1 Bd7 25. Re5 Rae8 26. Qb3 Bc8 27. Rge2 Qg6 28. Kf2 Qh5 29. Kg2 g5 30. fxg5 Rxe5 31. Rxe5 Qxg5 32. Qc2 h5 33. Qf2 h4 34. Qf4 Qxg3+ 35. Qxg3+ hxg3 36. Kxg3 Kg7 37. Kf4 Kf6 38. Bxf5 Kg7 39. Kg5 Bxf5 40. Rxf5 Re8 41. Re5 Rxe5+ 42. dxe5 Kf7 43. Kf5 Ke7 44. e6 b6 45.
cxb6 axb6 46. Ke5 b5 47. a3 Ke8 48. Kd6 b4 49. axb4 1-0

[Event "Early-Titled-Tuesday-Blitz-May-07-2024"]
[Site "Chess.com"]
[Date "2024.05.07"]
[Round "4"]
[White "ErikRonka"]
[Black "FMOlexandrProhorov"]
[Result "1-0"]
[WhiteElo "2503"]
[BlackElo "2288"]
[TimeControl "180+1"]
[EndTime "8:43:13 PDT"]
[Termination "ErikRonka won on time"]

1. e4 c5 2. Nf3 e6 3. d4 cxd4 4.
Nxd4 Qb6 5. Be3 Bc5 6. Na3 Bxa3 7. bxa3 Qa5+ 8. Bd2 Qxa3 9. Nb5 Qc5 10. Be3 Qc6 11. Nd6+ Ke7 12. e5 f6 13. Nxc8+ Qxc8 14. Qd6+ Kf7 15. O-O-O Qc6 16. Qd4 Ne7 17. exf6 gxf6 18.
Bc4 d5 19. Bd3 Nd7 20. Be2 Rac8 21. Bh5+ Ng6 22. Rd2 Ne5 23. f4 Nc4 24. Rhd1 Nxe3 25. Qxe3 Qa4 26. f5 exf5 27. Qb3 Qxb3 28. axb3 Rhd8 29.
Rxd5 Rxd5 30. Rxd5 Ke6 31. Rb5 b6 32. Be2 Nf4 33. Bf3 Ke7 34. Rb4 Ne6 35. Rh4 Nc5 36.
Ra4 Ke6 37. Rxa7 Nd3+ 38. Kd2 Nf4 39. Rxh7 Rd8+ 40. Kc1 Nd5 41. Rh4 Ne3 42. Rb4 Rc8 43. Bd1 Ke5 44. Rxb6 Nxg2 45. c4 Ne3 46. Bc2 f4 47.
Rb5+ Kd4 48. Kd2 Ng4 49. Rf5 1-0

[Event "Early-Titled-Tuesday-Blitz-May-07-2024"]
[Site "Chess.com"]
[Date "2024.05.07"]
[Round "4"]
[White "Firouzja2003"]
[Black "ckgchess"]
[Result "1-0"]
[WhiteElo "3209"]
[BlackElo "2909"]
[TimeControl "180+1"]
[EndTime "8:43:14 PDT"]
[Termination "Firouzja2003 won by resignation"]

1. e4 c5 2. Nf3 d6 3. d4 cxd4 4. Nxd4 Nf6 5. Nc3 e5 6. Bb5+ Nbd7 7. Nf5 a6 8. Ba4 b5 9. Bb3 Nc5 10. Bg5 Bxf5 11. exf5 Be7 12. Bxf6 Bxf6 13. Nd5 e4 14.
Rb1 O-O 15. O-O Re8 16. Qg4 Re5 17. Rbd1 Rc8 18. c3 Nxb3 19. axb3 Rc5 20. Ne3 a5 21. Rfe1 g6 22. b4 axb4 23. cxb4 Rc8 24. fxg6 hxg6 25. Nd5 Rc2 26. Rxe4 Rxe4 27. Qxe4 Rxb2 28. g3 Kg7 29. h4 Be5 30. Ne3 Qf6 31. f4 Ra2 32. Ng4 Qf5 33. Qxf5 gxf5 34. Ne3 Bc3 35. Nxf5+ Kg6 36.
Nxd6 Bxb4 37. Nxb5 Bc5+ 38. Kh1 Rb2 39. Nc3 Ba7 40. Rd5 f5 41. Nb5 Be3 42. Nd6 Bf2 43. Nxf5 Be1 44. Ne3 Kf6 45. Rf5+ Ke6 46. Re5+ Kf7 47.
Nc4 Rb1 48. Kg2 Bc3 49. Re2 Rb4 50. Ne5+ Kf6 51. Ng4+ Kf5 52. Ne3+ Kg6 53. Nd5 1-0

[Event "Early-Titled-Tuesday-Blitz-May-07-2024"]
[Site "Chess.com"]
[Date "2024.05.07"]
[Round "4"]
[White "KorolDimitriy75"]
[Black "RojonR"]
[Result "0-1"]
[WhiteElo "2364"]
[BlackElo "2544"]
[TimeControl "180+1"]
[EndTime "8:43:14 PDT"]
[Termination "RojonR won on time"]

1. d4 Nf6 2. c4 e6 3. Nc3 Bb4 4. Qc2 d5 5. cxd5 Qxd5 6. e3 O-O 7. Bd2 Bxc3 8. bxc3 c5 9. Nf3 Nc6 10.
Be2 b6 11. O-O Bb7 12. Rfd1 Rac8 13. Qa4 Ne4 14. Be1 Qf5 15. Rac1 Rfd8 16. Ba6 Bxa6 17. Qxa6 g5 18. h3 h5 19. Qd3 c4 20. Qc2 g4 21.
hxg4 hxg4 22. Nd2 Nxd2 23. Qxf5 exf5 24. Bxd2 Ne7 25. f3 Kg7 26. Kf2 Rh8 27. e4 fxe4 28. fxe4 f5 29. Re1 Kf7 30. Bg5 Nc6 31. exf5 Rh5 32.
Bf4 Rxf5 33. Kg3 Ne7 34. Re4 Nd5 35. Bd2 b5 36. Rxg4 Re8 37. Re1 Rxe1 38. Bxe1 Ne3 39.
Rh4 Nf1+ 40. Kh3 Ne3 41. Kg3 Rf1 42. Bf2 Nf5+ 43. Kh2 Nxh4 44. Bxh4 Rc1 45. Bf2 Rxc3 46. d5 Rd3 47. Bxa7 Rxd5 48. Be3 c3 49. Kg3 c2 50. Kf2 Rd1 51. Ke2 c1=Q 0-1

[Event "Early-Titled-Tuesday-Blitz-May-07-2024"]
[Site "Chess.com"]
[Date "2024.05.07"]
[Round "4"]
[White "AnnaChessLook"]
[Black "ravengelic"]
[Result "0-1"]
[WhiteElo "2312"]
[BlackElo "2635"]
[TimeControl "180+1"]
[EndTime "8:43:16 PDT"]
[Termination "ravengelic won by resignation"]

1. d4 Nf6 2. Nf3 g6 3. c4 Bg7 4. Nc3 d6 5. e4 O-O 6. h3 c5 7.
d5 b5 8. cxb5 a6 9. a4 Qa5 10. Bd2 axb5 11. Bxb5 Ba6 12. O-O Nbd7 13. Qc2 c4 14. Bc6 Rac8 15. Nb5 Qb6 16. Qxc4 Bb7 17. Be3 Qd8 18. Nfd4 Ne5 19. Qc2 Nxc6 20. Nxc6 Qd7 21. Nbd4 e5 22. Nb5 Bxc6 23. dxc6 Rxc6 24. Qd3 d5 25.
exd5 Qxd5 26. Rfd1 Qe6 27. a5 e4 28. Qe2 Nd5 29. Bd4 Nf4 30. Qe3 Qf5 31. Bxg7 Kxg7 32. Nd4 Qg5 33. Qxe4 Rf6 34. Kh2 Re8 35. Qb7 Re7 36.
Qa8 Ra6 37. Qf3 Rf6 38. Qg3 Qc5 39. a6 Ra7 40. Nb3 Qb6 41. Ra3 Nh5 42. Qd3 Qxf2 43. Nd4 Nf4 44. Qg3 Qxb2 45. Rf3 Nh5 46. Qg4 Raxa6 47.
Nf5+ Rxf5 48. Rxf5 Qb8+ 49. Kh1 Rb6 50. Rf3 Nf6 51. Qg5 h6 52. Qd2 Re6 53. Qd4 Qe5 54. Rdf1 Qxd4 0-1

[Event "Early-Titled-Tuesday-Blitz-May-07-2024"]
[Site "Chess.com"]
[Date "2024.05.07"]
[Round "4"]
[White "ferdipy"]
[Black "ural58"]
[Result "1/2-1/2"]
[WhiteElo "2338"]
[BlackElo "2514"]
[TimeControl "180+1"]
[EndTime "8:43:16 PDT"]
[Termination "Game drawn - insufficient material"]

1. e4 e5 2. Nf3 Nc6 3. Bc4 Nf6 4.
Ng5 d5 5. exd5 Na5 6. Bb5+ Bd7 7.
Be2 Nxd5 8. d4 Be7 9. Nf3 e4 10. Ne5 O-O 11. Nxd7 Qxd7 12. O-O b5 13. a4 b4 14. c4 bxc3 15. Nxc3 Nxc3 16. bxc3 Qd5 17. Ba3 Bxa3 18. Rxa3 Rab8 19. Qc2 c5 20. Rd1 Rfc8 21.
c4 Qb7 22. d5 Qb2 23. Rc3 f5 24. f3 exf3 25. Bxf3 Qxc2 26. Rxc2 Rb4 27. d6 Rd8 28. d7 Kf8 29. Bd5 Rxa4 30. Be6 g6 31. Rb1 Ke7 32.
Re1 Kf6 33. Rb1 Nc6 34. Bd5 Nd4 35. Rcb2 Rxd7 36. Rb7 Rxb7 37. Rxb7 Ra2 38. h4 h6 39.
Rc7 Ke5 40. Rxc5 Kf4 41. Rc6 Kg3 42. Rxg6+ Kxh4 43. Rxh6+ Kg3 44. Rg6+ Kf4 45. g3+ Ke3 46. c5 Rc2 47. c6 a5 48. Rg8 a4 49. Ra8 Rc5 50. Bg2 Rd5 51. Rxa4 Ne2+ 52. Kh2 Rd6 53. Rc4 Rh6+ 54. Bh3 f4 55. gxf4 Nxf4 56. Rxf4 Kxf4 57. c7 Rc6 58. c8=Q Rxc8 59. Bxc8 1/2-1/2